 Dungeon Crawl Stone Soup version 0.30-a0-778-g2ef04afb54 (console) character file.

Game seed: 4734218480810595785

326 rlgrobin the Cleaver (level 7, -8/57 HPs)
             Began as a Meteoran Fighter on Feb 17, 2023.
             Was a Follower of Wu Jian.
             Mangled by an ogre
             ... wielding a +0 giant spiked club
              (32 damage)
             ... on level 5 of the Dungeon.
             The game lasted 00:04:03 (601 turns).

rlgrobin the Cleaver (Meteoran Fighter)              Turns: 601, Time: 00:04:04

Health: -8/57      AC:  6    Str: 19    XL:     7   Next: 7%
Magic:  8/8        EV:  9    Int: 10    God:    Wu Jian [*.....]
Gold:   105        SH:  5    Dex: 14    Spells: 6/6 levels left

rFire   . . .      SeeInvis .    a - +0 war axe
rCold   . . .      Faith    .    c - +0 buckler
rNeg    . . .      Spirit   .    b - +0 scale mail
rPois   .          Reflect  .    (no helmet)
rElec   .          Harm     .    (no cloak)
rCorr   .          Rampage  .    (no gloves)
Will    .....                    (no boots) Stlth
                                 (no amulet)
HPRegen 0.29/turn                (no ring)
MPRegen 0.11/turn                (no ring)

@: glowing
A: sense surroundings 1, otherworldly, glowing, explore regen
a: Renounce Religion


You were on level 5 of the Dungeon.
You worshipped Wu Jian.
Wu Jian was aware of your devotion.
You visited 1 branch of the dungeon, and saw 5 of its levels.

You collected 105 gold pieces.

Inventory:

Hand Weapons
 a - a +0 war axe (weapon)
Missiles
 l - 7 poisoned darts (quivered)
Armour
 b - a +0 scale mail (worn)
 c - a +0 buckler (worn)
Wands
 j - a wand of roots (9)
Scrolls
 d - a scroll of fog {unknown}
 e - 4 scrolls of identify {unknown}
 f - 2 scrolls of noise {unknown}
 i - a scroll of fear {unknown}
 m - a scroll of enchant armour {unknown}
 n - 2 scrolls of teleportation {unknown}
 o - a scroll of enchant weapon {unknown}
Potions
 g - 2 potions of curing {unknown}
 h - a potion of resistance {unknown}
 k - a potion of lignification {unknown}


   Skills:
 - Level 3.2 Fighting
 + Level 8.0 Axes
 - Level 3.6 Armour
 - Level 3.6 Shields


You had 6 spell levels left.
You didn't know any spells.
Your spell library was empty.

Dungeon Overview and Level Annotations

Branches:
Dungeon (5/15) Zot: 2368
 Temple: D:4-7

Altars:
Wu Jian


Innate Abilities, Weirdness & Mutations

You passively map a small area around you.
You are easily found by Zot.
You glow in the dark.
You regain HP and MP as you explore.


Message History

An ogre comes into view. It is wielding a +0 giant spiked club.
You miss the hound.
The hound is severely wounded.
The ogre shouts!
You block the hound's attack. The hound bites you.
* * * LOW HITPOINT WARNING * * *
You completely miss the hound.
The hound is severely wounded.
The hound bites you.
* * * LOW HITPOINT WARNING * * *
You block the hound's attack.
You barely miss the hound.
The hound is severely wounded.
The hound closely misses you.
You slash the hound!
You kill the hound!
The Council accepts your kill.
Your Axes skill increases to level 8!
You have reached level 7!
Okay, then.
Throw: 8 darts (poison)
Press: ? - help, Q - select action, (/) - cycle Shift-Dir - straight line, f - ogre
Aim: an ogre, wielding a +0 giant spiked club (74% to hit)
You throw a poisoned dart. The poisoned dart hits the ogre.
You lunge at the ogre.
You slash the ogre!
The ogre is moderately wounded.
The ogre closely misses you.
You barely miss the ogre.
The ogre is moderately wounded.
You closely miss the ogre.
The ogre is moderately wounded.
The ogre hits you with a +0 giant spiked club!
You slash the ogre!
The ogre is severely wounded.
The ogre barely misses you.
You hit the ogre.
The ogre is almost dead.
The ogre hits you with a +0 giant spiked club!!
Ouch! That really hurt!
You die...

### ###########.#
#...@O(.....#####
#.....###.......# * *
#.....# #.#.###.#
........# #.#.###.#####
.........# #.#.#........
..........###.#.#.#.#####
#####...........#.#.# *
#.....###.....#.# * *
#...............#


You could see an ogre.

Vanquished Creatures
  Sigmund (D:2)
  2 hounds
  Ijyb (D:3)
  5 adders
  3 worms (D:3)
  A dart slug (D:3)
  5 bats
  An endoplasm (D:3)
  2 giant cockroaches
  8 goblins
  3 hobgoblins
  4 quokkas
  2 ball pythons (D:2)
  A frilled lizard (D:1)
  2 kobolds
  A rat (D:3)
42 creatures vanquished.

Notes
Turn   | Place    | Note
-------+----------+-------------------------------------------
     0 | D:1      | rlgrobin the Meteoran Fighter began the quest for the Orb.
     0 | D:1      | Reached XP level 1. HP: 19/19 MP: 2/2
    25 | D:1      | Reached skill level 3 in Axes
    25 | D:1      | Reached XP level 2. HP: 25/26 MP: 3/3
    44 | D:2      | Noticed Sigmund
    56 | D:2      | Killed Sigmund
    57 | D:2      | Reached skill level 6 in Axes
    57 | D:2      | Reached XP level 3. HP: 20/31 MP: 4/4
    57 | D:2      | Reached XP level 4. HP: 25/38 MP: 5/5
    57 | D:2      | Reached XP level 5. HP: 30/45 MP: 6/6
    86 | D:2      | Reached XP level 6. HP: 49/51 MP: 7/7
   170 | D:3      | Noticed Ijyb
   187 | D:3      | Killed Ijyb
   188 | D:3      | Reached skill level 7 in Axes
   326 | D:3      | Found a faded altar of an unknown god.
   336 | D:3      | Prayed at the altar of an unknown god.
   336 | D:3      | Became a worshipper of the Wu Jian Council
   336 | D:3      | Reached * piety under Wu Jian
   541 | D:5      | Entered Level 5 of the Dungeon
   570 | D:5      | Noticed an ogre
   575 | D:5      | Reached skill level 8 in Axes
   575 | D:5      | Reached XP level 7. HP: 12/57 MP: 8/8
   601 | D:5      | Mangled by an ogre

Illustrated notes

Levels and vault maps discovered:
D:1:      amcnicky_arrival_underground_garden, layout_basic, serial_forest,
          infiniplex_forest_clump_small, infiniplex_forest_lined_4_way,
          infiniplex_forest_lined_corner, infiniplex_forest_zigzag_1,
          infiniplex_forest_straight_2, infiniplex_forest_lined_3,
          infiniplex_forest_end_3, kennysheep_doodads,
          chequers_serial_rivers_micro_d, kennysheep_pointless_box
D:2:      layout_rooms, serial_bayou_pond_d, uniq_sigmund,
          uniq_crazy_yiuf_cottage
D:3:      kennysheep_the_goblin_king, layout_basic,
          shapermc_ecumenical_altar_pompeii
D:4:      layout_basic, minmay_crystal_water
D:5:      layout_basic, minmay_temple_entry_mini_moons, nicolae_grassy_gnolls,
          uniq_ijyb

Skill      XL: |  1  2  3  4  5  6 |
---------------+-------------------+-----
Axes           | 3 6 8 |  8.0
Fighting       | |  3.2
Armour         | |  3.6
Shields        | |  3.6

Action                     |  1- 3 |  4- 6 |  7- 9 || total
---------------------------+-------+-------+-------++-------
  Melee: War axe           |    16 |   136 |     5 ||   157
  Throw: Dart              |       |       |     1 ||     1
Ability: Lunge             |       |     3 |     1 ||     4
         Whirlwind         |       |     2 |       ||     2
    Use: Potion            |     1 |       |       ||     1
 Armour: Scale mail        |     6 |    66 |       ||    72
  Dodge: Dodged            |     7 |    29 |     2 ||    38
  Block: Buckler           |     5 |    31 |       ||    36

Table legend: (Time is in decaauts)
 A = Elapsed time spent in this place.
 B = Non-inter-level travel time spent in this place.
 C = Inter-level travel time spent in this place.
 D = Time resting spent in this place.
 E = Time spent auto-exploring this place.
 F = Levels seen in this place.
 G = Mean time per level.
                   A        B        C        D        E       F      G
               +--------+--------+--------+--------+--------+-----+--------+
         Total |    630 |    630 |      0 |      0 |      0 |   5 |  126.0 |
       Dungeon |    630 |    630 |      0 |      0 |      0 |   5 |  126.0 |
               +--------+--------+--------+--------+--------+-----+--------+

Top non-repeatable levels by time:
     D:3: 372 daAuts
     D:2: 105 daAuts
     D:5: 64 daAuts
     D:1: 48 daAuts
     D:4: 40 daAuts
